 Dungeon Crawl Stone Soup version 0.29.0-4-gdea44cf6ec (webtiles) character file.

Game seed: 15433531857388737422

25 qw the Firebug (level 3, -3/28 HPs)
             Began as a Ghoul Fire Elementalist on Aug 29, 2022.
             Slain by a kobold
             ... wielding a +0 whip
              (4 damage)
             ... on level 2 of the Dungeon.
             The game lasted 00:00:43 (845 turns).

qw the Firebug (Ghoul Fire Elementalist)             Turns: 845, Time: 00:00:44

Health: -3/28      AC:  3    Str: 13    XL:     3   Next: 6%
Magic:  4/4        EV: 11    Int: 10    God:
Gold:   43         SH:  0    Dex:  9    Spells: 4/5 levels left

rFire   . . .      SeeInvis .     - Unarmed
rCold   + . .      Faith    .   (no shield)
rNeg    + + +      Spirit   .   f - +0 leather armour
rPois   inf        Reflect  .   (no helmet)
rElec   .          Harm     .   (no cloak)
rCorr   .          Rampage  .   (no gloves)
Will    .....                   (no boots)
Stlth   +.........              (no amulet)
HPRegen 0.00/turn               (no ring)
MPRegen 0.09/turn               (no ring)

@: inhibited regen
A: claws 1, cold resistance 1, negative energy resistance 3, inhibited
regeneration, torment resistance 2, devour on kill
a: no special abilities


You were on level 2 of the Dungeon.
You visited 1 branch of the dungeon, and saw 2 of its levels.

You collected 43 gold pieces.


Innate Abilities, Weirdness & Mutations

You are immune to poison.
You have sharp fingernails.
Your flesh is cold resistant. (rC+)
You are immune to negative energy. (rN+++)
You do not regenerate when monsters are visible.
You are immune to unholy pain and torment.
You thrive by killing the living.


   Skills:
 - Level 1.1 Fighting
 - Level 1.7 Dodging
 - Level 2.1 Stealth
 + Level 2.4 Unarmed Combat
 - Level 1.7 Spellcasting
 - Level 0.7 Conjurations
 - Level 2.4 Fire Magic


You had 4 spell levels left.
You knew the following spells:

 Your Spells              Type           Power      Damage    Failure   Level
a - Foxfire               Conj/Fire      16%        2x1d4     22%         1

Your spell library contained the following spells:

 Spells                   Type           Power      Damage    Failure   Level
 Scorch                   Fire           10%        2d6       22%         2
 Conjure Flame            Conj/Fire      4%         6-21      54%         3
 Inner Flame              Hex/Fire       3%         N/A       58%         3
 Flame Wave               Conj/Fire      4%         2d5       91%         4

Inventory:

Armour
 f - a +0 leather armour (worn)
Scrolls
 d - a scroll of enchant weapon
Potions
 e - a potion of attraction {unknown}
 g - a potion of haste {unknown}
 i - a potion of flight {unknown}
 k - a potion of might {unknown}

Dungeon Overview and Level Annotations

Branches:
Dungeon (2/15)

Altars:


Message History

The adder bites you but does no damage.
The kobold shouts!
You scratch the adder but do no damage.
The adder is moderately wounded.
The gnoll barely misses you. The adder bites you but does no damage.
836 ||| Stepping ~*~*~tactically~*~*~ (outnumbered).
You scratch the adder.
The adder is almost dead.
The adder barely misses you. The gnoll closely misses you.
You barely miss the adder.
The adder is almost dead.
The adder barely misses you. The gnoll hits you with a +0 flail.
The adder closely misses you.
839 ||| Stepping ~*~*~tactically~*~*~ (outnumbered).
The adder bites you but does no damage.
840 ||| Stepping ~*~*~tactically~*~*~ (outnumbered).
The gnoll attacks as you move away! The gnoll barely misses you.
The adder bites you but does no damage.
841 ||| Stepping ~*~*~tactically~*~*~ (outnumbered).
The gnoll attacks as you move away! The gnoll hits you with a +0 flail.
A gnoll comes into view. It is wielding a +0 halberd.
The kobold throws a stone.
The stone hits you. The adder closely misses you.
You barely miss the adder.
The adder is almost dead.
The quokka bites you. The adder barely misses you.
You scratch the adder.
You kill the adder!
The quokka barely misses you. The kobold barely misses you.
Your Unarmed Combat skill increases to level 2!
You have reached level 3!
Your experience leads to an increase in your attributes!
Increase (S)trength, (I)ntelligence, or (D)exterity?
You feel stronger. x2
You barely miss the gnoll. The quokka bites you.
The gnoll hits you with a +0 flail! The kobold hits you but does no damage.
The quokka bites you.
You scratch the gnoll.
The gnoll is lightly wounded.
The gnoll closely misses you. The kobold hits you with a +0 whip.
You die...

#.# #.# .. ..##
# #.#.# #.#.#
.. .... ....##
.#.#.#.#.#.#.#
g...........###
#.#.#.#$#.#...#
.$....K@......#
g#.#)#r#g#....#
#.............#
#.#.#.#.#.....#
#............#
###.....^....#
#......!...#
............#
####.#########


You could see 2 gnolls, a quokka and a kobold.

Vanquished Creatures
  An adder (D:2)
  3 giant cockroaches (D:1)
  A goblin (D:1)
  4 hobgoblins
  A quokka (D:1)
  3 kobolds (D:1)
  2 rats (D:1)
15 creatures vanquished.

Notes
Turn   | Place    | Note
-------+----------+-------------------------------------------
     0 | D:1      | qw the Ghoul Fire Elementalist began the quest for the Orb.
     0 | D:1      | Reached XP level 1. HP: 14/14 MP: 2/2
     0 | D:1      | 0 ||| qw: Version: 0.1-a-90-g952f4b7
     0 | D:1      | 0 ||| qw: Game counter: 4024
     0 | D:1      | 0 ||| qw: Always use a shield: true
     0 | D:1      | 0 ||| qw: God list: Okawaru
     0 | D:1      | 0 ||| qw: Allow faded altars: false
     0 | D:1      | 0 ||| qw: Do Orc after D:15 true
     0 | D:1      | 0 ||| qw: Do second Lair branch before Depths: true
     0 | D:1      | 0 ||| qw: Lair rune preference: random
     0 | D:1      | 0 ||| qw: Plans: Normal
     0 | D:1      | 0 ||| PLANNING D:1-11
   195 | D:1      | Reached skill level 1 in Unarmed Combat
   349 | D:1      | Reached XP level 2. HP: 17/22 MP: 3/3
   439 | D:1      | Reached skill level 1 in Fighting
   795 | D:1      | You fall into a shaft and drop 1 floor!
   796 | D:2      | 796 ||| UPGRADING to +0 leather armour.
   806 | D:2      | 806 ||| DROPPING +0 robe.
   807 | D:2      | 807 ||| READING 2 scrolls labelled FOALI GOFU.
   808 | D:2      | 808 ||| READING scroll labelled QUTUNY ZOJIUH.
   820 | D:2      | 820 ||| READING scroll labelled MIYCUWEP PEUH.
   821 | D:2      | 821 ||| READING scroll labelled VONOSI WEGG.
   822 | D:2      | 822 ||| DROPPING potion of magic.
   833 | D:2      | 833 ||| Stepping ~*~*~tactically~*~*~ (stealth).
   836 | D:2      | 836 ||| Stepping ~*~*~tactically~*~*~ (outnumbered).
   839 | D:2      | 839 ||| Stepping ~*~*~tactically~*~*~ (outnumbered).
   840 | D:2      | 840 ||| Stepping ~*~*~tactically~*~*~ (outnumbered).
   841 | D:2      | 841 ||| Stepping ~*~*~tactically~*~*~ (outnumbered).
   844 | D:2      | Reached XP level 3. HP: 15/28 MP: 4/4
   844 | D:2      | HP: 3/28 [gnoll/+0 flail (8)]
   844 | D:2      | HP: 1/28 [quokka (2)]
   845 | D:2      | Slain by a kobold

Levels and vault maps discovered:
D:1:      psy_arrival_statuary, layout_rooms, serial_forest,
          infiniplex_forest_straight_5, infiniplex_forest_zigzag_1,
          infiniplex_forest_lined_4_way, infiniplex_forest_clump_curved,
          infiniplex_forest_clump_cross, infiniplex_forest_straight_4,
          infiniplex_forest_zigzag_1
D:2:      layout_basic, hex_medium, uniq_natasha, uniq_terence, uniq_sigmund

Skill      XL: |  1  2 |
---------------+-------+-----
Unarmed Combat | 1 2 |  2.4
Fighting       | 1 |  1.1
Dodging        | |  1.7
Stealth        | |  2.1
Spellcasting   | |  1.7
Conjurations   | |  0.7
Fire Magic     | |  2.4

Action                   || total
-------------------------++-------
Melee: Unarmed           ||    64
       Punch             ||     1
  Use: Scroll            ||     4
Armor: Robe              ||    13
       Leather armour    ||    10
Dodge: Dodged            ||    33

Table legend:
 A = Non-vault XP
 B = Vault XP
 C = Vault XP percentage of total XP
 D = Non-vault monster count
 E = Vault monster count
 F = Vault count percentage of total count
                 A         B        C        D         E       F
            +---------+---------+-------+---------+---------+-------
      Total |      37 |       0 |   0.0 |      15 |       0 |   0.0
            +---------+---------+-------+---------+---------+-------
        D:1 |      22 |       0 |   0.0 |      13 |       0 |   0.0
        D:2 |      15 |       0 |   0.0 |       2 |       0 |   0.0
            +---------+---------+-------+---------+---------+-------
